 Dungeon Crawl Stone Soup version 0.17-a0-1368-g6ab37f2 (webtiles) character file.

25 bal the Chiller (level 2, -3/19 HPs)
             Began as a Vampire Ice Elementalist on June 12, 2015.
             Slain by a worker ant (5 damage)
             ... on level 4 of the Dungeon.
             The game lasted 00:02:23 (651 turns).

bal the Chiller (Vampire Ice Elementalist)           Turns: 651, Time: 00:02:23

Health: -3/19      AC:  2    Str:  7    XL:     2   Next: 86%
Magic:  5/5        EV: 13    Int: 17    God:
Gold:   104        SH:  0    Dex: 14    Spells: 1 memorised, 4 levels left

rFire  . . .     SeeInvis +     d - +1 whip (pain)
rCold  . . .     Clarity  .     a - +0 robe
rNeg   + . .     SustAt   .     (no shield)
rPois  .         Gourm    .     (no helmet)
rElec  .         Spirit   .     (no cloak)
rCorr  .         Warding  .     (no gloves)
rMut   .         Stasis   .     (no boots)
MR     .....                    (no amulet)
Stlth  +++.......               (no ring)
                                (no ring)

@: lethally poisoned (-3 -> -9), not resistant to hostile enchantments, fairly
stealthy
A: fangs 3, see invisible, unbreathing
a: no special abilities


You were on level 4 of the Dungeon.
You were not thirsty.

You visited 1 branch of the dungeon, and saw 4 of its levels.

You collected 104 gold pieces.

Inventory:

Hand weapons
 d - a +1 whip of pain (weapon)
Armour
 a - a +0 robe (worn)
Jewellery
 k - an uncursed ring of fire {unknown}
Scrolls
 e - a scroll of immolation {unknown}
 f - a scroll of remove curse {unknown}
 g - a scroll of noise {unknown}
 i - a scroll of identify {unknown}
 l - a scroll of recharging {unknown}
 m - a scroll of fear {unknown}
Potions
 c - 2 potions of blood
 h - 2 potions of might {unknown}
 j - a potion of poison {unknown}
Books
 b - a book of Frost

   Spells                             Type                      Level
   a - Freeze                         Ice                          1
   b - Throw Frost                    Conjuration/Ice              2
   c - Ozocubu's Armour               Charms/Ice                   3
   d - Throw Icicle                   Conjuration/Ice              4
   e - Summon Ice Beast               Ice/Summoning                4
   f - Condensation Shield            Ice                          4


   Skills:
 + Level 0.1 Fighting
 + Level 2.5 Dodging
 + Level 3.3 Stealth
 + Level 2.2 Spellcasting
   Level 0.6 Conjurations
 + Level 3.5 Ice Magic


You had 4 spell levels left.
You knew the following spells:

 Your Spells              Type           Power        Failure   Level  Hunger
a - Freeze                Ice            ##..         4%          1    #......


Dungeon Overview and Level Annotations

Branches:
Dungeon (4/15)
 Temple: D:4-7

Altars:
Ru
Yredelemnul


Innate Abilities, Weirdness & Mutations

You have razor-sharp teeth.
You have supernaturally acute eyesight.
You can survive without breathing.


Message History

The rat bites you.
You barely miss the rat. The worker ant barely misses you.
The rat barely misses you.
You hit the rat.
The rat is heavily wounded.
The worker ant closely misses you. The rat closely misses you.
You hit the rat.
You kill the rat!
The worker ant bites you. The worker ant misses you. The worker ant bites you.
* * * LOW HITPOINT WARNING * * *
You are lethally poisoned!
The worker ant poisons you!
You completely miss the worker ant.
* * * LOW HITPOINT WARNING * * *
You feel sick. The worker ant misses you.
You closely miss the worker ant.
* * * LOW HITPOINT WARNING * * *
You feel sick. The worker ant bites you.
You die...

#####################
#..............a....#
###...#...#...#.@.#..#
#..................._#
#.#...#...#...#...#..#
#....................#
#.#######################
#.##########.............
#..........'.............
##########.#.............
#.##............


You could see a worker ant.

Vanquished Creatures
  An adder (D:2)
  2 bats (D:1)
  2 goblins
  5 hobgoblins
  3 giant cockroaches
  2 kobolds (D:1)
  2 rats
17 creatures vanquished.

Notes
Turn   | Place    | Note
--------------------------------------------------------------
     0 | D:1      | bal the Vampire Ice Elementalist began the quest for the Orb.
     0 | D:1      | Reached XP level 1. HP: 13/13 MP: 3/3
   396 | D:1      | Reached XP level 2. HP: 14/19 MP: 5/5
   580 | D:2      | Found a sacrificial altar of Ru.
   642 | D:4      | Found a basalt altar of Yredelemnul.
   651 | D:4      | Slain by a worker ant

Vault maps used:
D:1:      arrival_zaba_pyramid, serial_forest, infiniplex_forest_lined_corner,
          infiniplex_forest_straight_1, infiniplex_forest_side_room,
          infiniplex_forest_lined_room_2, infiniplex_forest_straight_3,
          infiniplex_forest_corner_1, infiniplex_forest_corner_1,
          infiniplex_forest_clump_C
D:2:      cheibriados_altar_1, lemuel_doored_altar, first_bread
D:3:      minmay_misc_feat_rugged, uniq_grinder, uniq_sigmund
D:4:      lemuel_coloured_pillars_altar, minmay_temple_entry_grid, serial_shops,
          shop, uniq_edmund

Action                   || total
-------------------------++-------
Melee: Whip              ||    52
 Cast: Freeze            ||     5
 Stab: Sleeping          ||     4
